Map: Frozen Temple

Players

Miszu - Winner!

  • Race: Zerg Zerg
  • League: Master

Hammer

  • Race: Terran Terran
  • League: Master

VOD

Have the link to the VOD?

Description

Time

  • Played on: June 29, 2016, 10:54 a.m.
  • Length: 15:08
Show
View Real Time Build Order
Export as new Build Order

Miszu Zerg - Winner!

Build Orders: Hatch First 

Get SALT Encoding   

  12  0:02  Drone  
  13  0:13  Overlord  
  13  0:23  Drone  
  14  0:37  Drone x3  
  17  0:54  Hatchery  
  16  0:58  Drone  
  16  1:00  Drone  
  16  1:03  Extractor  
  17  1:13  Drone  
  18  1:25  Spawning Pool, Drone  
  18  1:36  Drone  
  19  1:57  Overlord  
  19  1:59  Drone  
  20  2:04  Drone  
  21  2:09  Drone  
  21  2:12  Metabolic Boost, Queen x2  
  26  2:23  Drone x2  
  26  2:26  Drone  
  26  2:28  Drone  
  30  2:36  Drone  
  31  2:39  Overlord  
  31  2:54  Pneumatized Carapace, Queen  
  31  2:57  Overlord  
  33  3:02  Drone x3  
  36  3:08  Drone  
  37  3:13  Drone  
  38  3:25  Roach Warren  
  37  3:29  Hatchery  
  36  3:35  Overlord  
  36  3:40  Drone  
  36  3:41  Drone  
  38  3:49  Zergling x10  
  38  3:54  Overlord x2  
  43  4:05  Roach  
  43  4:06  Roach x3  
  51  4:11  Zergling x2  
  51  4:12  Overlord x2  
  52  4:22  Zergling x2  
  54  4:27  Zergling x8  
  57  4:35  Spore Crawler  
  57  4:36  Drone x2  
  54  4:42  Drone  
  54  4:43  Spore Crawler  
  54  4:44  Drone  
  53  4:54  Ravager x3  
  51  5:30  Queen x3  
  51  5:35  Overlord x3  
  57  5:37  Zergling x6  
  58  6:06  Extractor  
  58  6:07  Drone x6  
  63  6:23  Roach  
  65  6:30  Drone x5  
  65  6:31  Drone  
  71  7:05  Drone x11  
  71  7:08  Lair  
  80  7:11  Extractor  
  80  7:13  Queen  
  81  7:19  Overlord  
  81  7:24  Overlord x2  
  81  7:26  Drone x3  
  84  7:30  Overlord  
  84  7:34  Extractor  
  83  7:39  Drone x10  
  83  7:40  Evolution Chamber  
  83  7:41  Extractor  
  83  7:42  Extractor  
  90  7:44  Evolution Chamber  
  89  8:07  Hatchery  
  89  8:10  Hatchery  
  89  8:11  Spire  
  86  8:12  Zerg Melee Weapons Level 1  
  86  8:13  Zerg Ground Armor Level 1  
  86  8:15  Zergling x16  
  86  8:16  Zergling x2  
  95  8:20  Ravager  
  95  8:21  Ravager  
  95  8:53  Spire  
  92  9:03  Zergling x6  
  92  9:04  Zergling x32  
  111  9:15  Infestation Pit  
  110  9:24  Drone  
  110  9:25  Drone x5  
  110  9:26  Drone x2  
  110  9:29  Zergling x10  
  123  9:32  Overlord  
  123  9:52  Hive  
  123  10:13  Mutalisk x7  
  123  10:14  Mutalisk x5  
  131  10:17  Zerg Flyer Weapons Level 1  
  147  10:24  Extractor x2  
  144  10:32  Mutalisk x4  
  146  11:03  Mutalisk x5  
  153  11:06  Zergling x14  
  153  11:07  Zergling x8  
  160  11:17  Zerg Melee Weapons Level 2  
  158  11:25  Zerg Ground Armor Level 2  
  120  11:43  Zergling x38  
  120  11:44  Zergling x4  
  134  11:59  Adrenal Glands, Ultralisk Cavern  
  133  12:02  Zergling x2  
  134  12:12  Zerg Flyer Weapons Level 2  
  131  12:30  Mutalisk x6  
  131  12:31  Mutalisk  
  144  12:45  Chitinous Plating  
  139  12:54  Mutalisk  
  139  12:55  Mutalisk x3  
  143  13:00  Ultralisk  
  147  13:11  Ultralisk  
  153  13:26  Ultralisk  
  159  13:30  Drone x3  
  159  13:31  Drone x2  
  159  13:32  Drone  
  162  13:57  Zergling x12  
  152  14:14  Viper  
  152  14:15  Ultralisk  
  161  14:35  Overlord x4  
  161  14:36  Overlord x5  
Show
View Real Time Build Order
Export as new Build Order

Hammer Terran 

Build Orders: 1/1/1, Liberator Opening 

Get SALT Encoding   

  12  0:01  SCV  
  13  0:13  SCV  
  14  0:18  Supply Depot  
  14  0:25  SCV  
  15  0:40  SCV  
  15  0:42  Barracks  
  16  0:45  Refinery  
  16  0:50  Refinery  
  16  0:54  SCV  
  17  1:06  SCV  
  18  1:18  SCV  
  19  1:29  Barracks Reactor  
  19  1:30  Orbital Command  
  19  1:42  Factory  
  19  1:52  Supply Depot  
  19  1:56  SCV  
  20  2:05  Marine x2  
  22  2:16  SCV  
  23  2:26  Factory Reactor  
  23  2:27  Starport  
  23  2:28  Supply Depot  
  23  2:31  SCV  
  23  2:33  Marine x2  
  26  2:43  SCV  
  27  2:53  Liberator x2  
  27  2:54  Supply Depot  
  27  2:55  SCV  
  27  2:57  Marine  
  30  3:07  SCV  
  36  3:13  Factory Tech Lab  
  36  3:19  SCV  
  37  3:20  Supply Depot  
  37  3:24  Marine x2  
  39  3:32  Siege Tank  
  42  3:34  SCV  
  43  3:43  Supply Depot  
  43  3:52  Marine  
  43  3:53  Marine  
  43  3:55  Medivac  
  47  3:56  SCV  
  48  4:06  Supply Depot  
  48  4:07  Medivac  
  48  4:08  SCV  
  51  4:11  Marine x2  
  53  4:22  SCV  
  54  4:29  Marine x2  
  56  4:37  Siege Tank  
  59  4:50  Marine x2  
  61  4:54  Command Center  
  60  5:28  Marine x2  
  54  5:32  Medivac x2, Siege Tank  
  54  5:34  SCV  
  58  5:45  Marine  
  58  5:46  Marine  
  58  5:58  Barracks  
  58  6:00  Barracks  
  58  6:03  Marine x2, Barracks x2  
  59  6:05  Engineering Bay  
  53  6:12  Orbital Command  
  53  6:23  Marine x2  
  53  6:27  Orbital Command  
  53  6:32  SCV  
  54  6:36  Terran Infantry Weapons Level 1  
  54  6:44  SCV  
  54  6:45  Siege Tank  
  54  6:46  Marine x2  
  57  6:59  Barracks Tech Lab  
  57  7:00  Barracks Tech Lab x2  
  54  7:04  Barracks Reactor  
  54  7:05  Barracks Reactor  
  50  7:08  SCV x2  
  52  7:16  Barracks Reactor  
  52  7:20  SCV  
  53  7:27  Command Center  
  53  7:29  SCV  
  54  7:30  Bunker  
  54  7:31  Bunker  
  54  7:32  SCV  
  55  7:41  SCV  
  56  7:44  Refinery, Marine x2  
  56  7:45  Marine, Refinery, Marauder, SCV  
  56  7:46  Stimpack  
  62  7:54  SCV  
  62  7:57  SCV  
  64  7:59  Marine  
  65  8:06  SCV  
  65  8:09  SCV  
  65  8:10  Supply Depot x2, Marine x2  
  65  8:12  Medivac  
  71  8:14  Marine x3  
  71  8:18  SCV  
  75  8:21  Marine x3, SCV  
  79  8:29  Supply Depot  
  79  8:30  SCV  
  79  8:31  Marine  
  79  8:32  Supply Depot  
  79  8:33  SCV  
  79  8:34  Supply Depot  
  82  8:36  Marine x2  
  84  8:42  Marine x2, SCV  
  84  8:45  Marine x2  
  84  8:46  Medivac  
  93  8:48  Marine  
  93  8:54  Marine  
  93  8:55  Terran Infantry Armor Level 1  
  94  8:58  Engineering Bay  
  94  9:00  Marine  
  88  9:02  Armory  
  88  9:03  Orbital Command  
  86  9:13  Supply Depot  
  86  9:16  Marine x3  
  86  9:17  Supply Depot x2  
  89  9:26  Medivac x2  
  89  9:27  Siege Tank  
  89  9:28  Marine x2  
  98  9:43  Supply Depot, Marine  
  98  9:44  Marine x5  
  104  9:46  Marine x2  
  104  9:52  Marine  
  107  9:59  Sensor Tower  
  107  10:00  Medivac, Siege Tank  
  107  10:01  Marine x2, Orbital Command  
  107  10:02  Marine x2  
  107  10:06  Combat Shields  
  116  10:07  Marine x2  
  116  10:12  Marine x3  
  121  10:19  Marine x2  
  123  10:24  Marine x2  
  123  10:25  Marine  
  123  10:27  SCV  
  127  10:30  SCV  
  127  10:32  Siege Tank  
  131  10:50  Marine x3  
  113  11:07  Marine x5  
  113  11:08  SCV x3  
  114  11:14  Terran Infantry Armor Level 2, Terran Infantry Weapons Level 2  
  114  11:15  Marine x4  
  118  11:20  SCV x2  
  118  11:24  Marine  
  118  11:25  Marine x4  
  122  11:28  SCV  
  122  11:32  SCV  
  124  11:33  Marine x3  
  124  11:36  Marine  
  105  11:42  Marine x2  
  105  11:43  Marine x3  
  108  11:49  SCV x2  
  108  11:50  Marine x2, SCV  
  108  11:51  Marine  
  108  11:54  Marine  
  114  12:00  Marine x3  
  114  12:01  Marine x2, SCV  
  118  12:05  Missile Turret  
  121  12:08  Marine x3  
  121  12:11  Marine  
  121  12:12  Missile Turret  
  121  12:15  Missile Turret  
  124  12:18  Missile Turret x2  
  124  12:21  Missile Turret  
  124  12:24  Marine x3  
  124  12:29  Marine x2  
  125  12:32  Missile Turret x2  
  125  12:35  Sensor Tower  
  126  12:43  Marine x3  
  128  12:51  SCV  
  128  12:52  SCV  
  120  13:00  Marine x5  
  120  13:02  SCV  
  120  13:04  SCV  
  116  13:09  Missile Turret  
  116  13:15  Sensor Tower, SCV  
  116  13:16  SCV  
  118  13:25  SCV  
  119  13:27  SCV  
  119  13:28  SCV  
  121  13:35  Missile Turret  
  121  13:37  Marine x2, Sensor Tower  
  121  13:38  SCV  
  121  13:39  SCV  
  121  13:41  SCV  
  126  13:44  Missile Turret  
  113  14:10  Marine x2  
  113  14:11  Marine  
  113  14:13  Marine x3  
  113  14:14  SCV x2, Orbital Command  
  113  14:16  Orbital Command  
  110  14:19  Marine  
  107  14:24  Marine x2  
  107  14:28  Marine x2  
  107  14:30  Marine  
  112  14:32  Marine  
  112  14:37  Marine  
  114  14:48  Marine  
  114  14:49  Marine  
Tags
 
Add a new tag
Caveats
  • Supply blocks, unpowered buildings, or Contaminate may cause inaccurate times.
  • Supply counts are checked every 10 seconds.